 Dungeon Crawl Stone Soup version 0.28.0-43-g3370ac3207 (webtiles) character file.

Game seed: 395322953994502538

65 GreyFruit the Conjurer (level 3, -4/26 HPs)
             Began as a Draconian Conjurer on Mar 15, 2022.
             Slain by Ijyb
             ... wielding a +0 dagger
              (5 damage)
             ... on level 3 of the Dungeon.
             The game lasted 00:04:21 (3187 turns).

GreyFruit the Conjurer (Draconian Conjurer)         Turns: 3187, Time: 00:04:22

Health: -4/26      AC:  5    Str:  9    XL:     3   Next: 92%
Magic:  3/6        EV: 12    Int: 20    God:
Gold:   104        SH:  0    Dex:  9    Spells: 4/7 levels left

rFire   . . .      SeeInvis .   a - staff of conjuration
rCold   . . .      Faith    .   (no shield)
rNeg    . . .      Spirit   .   (armour unavailable)
rPois   .          Reflect  .   (helmet restricted)
rElec   .          Harm     .   (no cloak)
rCorr   .          Rampage  .   (no gloves)
Will    .....                   (no boots)
Stlth   ++........              (no amulet)
HPRegen 0.08/turn               (no ring)
MPRegen 0.10/turn               (no ring)

@: weak-willed
A: AC +5, unfitting armour, cold-blooded
a: no special abilities


You were on level 3 of the Dungeon.
You visited 1 branch of the dungeon, and saw 3 of its levels.

You collected 104 gold pieces.

Inventory:

Magical Staves
 a - a staff of conjuration (weapon)
Scrolls
 b - a scroll of vulnerability


   Skills:
 + Level 2.4 Dodging
 + Level 2.5 Stealth
 + Level 2.5 Spellcasting
 + Level 4.4 Conjurations


You had 4 spell levels left.
You knew the following spells:

 Your Spells              Type           Power      Damage    Failure   Level
a - Magic Dart            Conj           100%       1d8       2%          1
b - Searing Ray           Conj           60%        2d6       3%          2

Your spell library contained the following spells:

 Spells                   Type           Power      Damage    Failure   Level
 Dazzling Flash           Conj/Hex       34%        N/A       19%         3
 Blink                    Tloc           4%         N/A       22%         2
 Ensorcelled Hibernation  Hex/Ice        4%         N/A       22%         2
 Passwall                 Tmut/Erth      1%         N/A       22%         2
 Gell's Gravitas          Tloc           2%         N/A       41%         3
 Swiftness                Air            2%         N/A       41%         3
 Fulminant Prism          Conj/Hex       8%         3d7       52%         4
 Iskenderun's Mystic Bla  Conj/Tloc      17%        2d5       52%         4
 Borgnjor's Vile Clutch   Necr/Erth      1%         N/A       99%         5
 Animate Armour           Summ/Erth      Unusable   N/A       N/A         4

Dungeon Overview and Level Annotations

Branches:
Dungeon (3/15)

Altars:
Ru

Shops:
D:3 (:

Annotations:
D:3 Ijyb


Innate Abilities, Weirdness & Mutations

Your plain brown scales are hard. (AC +5)
You cannot fit into any form of body armour.
You are cold-blooded and may be slowed by cold attacks.


Message History

There is a stone staircase leading up here.
You climb upwards.
There is a stone staircase leading down here.
Magic restored.
HP restored.
Done exploring.
There is a stone staircase leading down here.
You climb downwards.
Level annotation: Ijyb
There is a stone staircase leading up here.
Found 15 sling bullets.
Found Pisa's Book Boutique.
Ijyb is nearby!
You feel a surge of power!
The magic dart hits Ijyb.
Ijyb is lightly wounded.
Ijyb screams, "Level is mine!
All mine!"
Ijyb zaps a wand.
The mass of ice explodes!
The iceblast engulfs you!
You hear a shout! x3
Casting: Magic Dart (safe; 2% risk of failure)
Confirm with . or Enter, or press ? or * to list all spells.
Aiming: Searing Ray (safe; 3% risk of failure)
Press: ? - help, Shift-Dir - straight line, f/p - Ijyb
Aim: Ijyb, wielding a +0 dagger, wearing a +0 leather armour and carrying a wand of iceblast (7) (lightly wounded, 74% to hit)
You feel a surge of power!
The searing ray hits Ijyb!
Ijyb is moderately wounded. (Press . to maintain the ray.) Ijyb zaps a wand.
The mass of ice explodes!
The iceblast engulfs you!
Ouch! That really hurt!
* * * LOW HITPOINT WARNING * * *
You aren't carrying any potions.
You aren't carrying any potions.
As you read the scroll labelled GYSERO QYOFED, it crumbles to dust.
Magic quickly surges around you.
It was a scroll of vulnerability.
Hit: a) staff of conjuration
Press: ? - help, Dir - move target, f/p - Ijyb
Aim: Ijyb, wielding a +0 dagger, wearing a +0 leather armour and carrying a wand of iceblast (6) (moderately wounded, weak-willed, about 50% to evade your staff of conjuration)
You hit Ijyb but do no damage.
Ijyb is moderately wounded.
Ijyb hits you with a +0 dagger.
You die...

#.#######.# #.#
##......##.#####.#
#.#
.........#........
#.#
######...........#
#.#
................#
#..
########(#..#####.##
#.### ..#
..............# #
#.#.. ..###
#######.#####.#
#.#.# ....#
#..g@..#.# ##+#.#.#
....+ #..###.#.#
#......# ....##
#....# #.# #......#
...... ......∩. #.#
#....... ......
#.####.. #.#
#......# ...... #
#..# #.# ##'#.#..
...... ...# #..
#.#.#.# ...... ...#
#<#.#.. ......
#######


You could see Ijyb (weak-willed).

Vanquished Creatures
  An adder (D:2)
  A worm (D:2)
  2 dart slugs (D:2)
  2 orcs (D:3)
  An endoplasm (D:2)
  3 giant cockroaches
  A goblin (D:1)
  4 hobgoblins
  8 jackals
  2 quokkas
  2 ball pythons (D:1)
  7 bats
  4 frilled lizards
  3 kobolds (D:1)
  5 rats
46 creatures vanquished.

Vanquished Creatures (others)
  A plant (D:1)
1 creature vanquished.

Grand Total: 47 creatures vanquished

Notes
Turn   | Place    | Note
-------+----------+-------------------------------------------
     0 | D:1      | GreyFruit the Draconian Conjurer began the quest for the
                  | Orb.
     0 | D:1      | Reached XP level 1. HP: 14/14 MP: 3/3
   391 | D:1      | Reached XP level 2. HP: 20/20 MP: 1/5
   822 | D:1      | Found a faded altar of an unknown god.
  1558 | D:2      | Learned a level 2 spell: Searing Ray
  1725 | D:2      | Reached XP level 3. HP: 20/26 MP: 1/6
  2001 | D:2      | Found a sacrificial altar of Ru.
  2160 | D:2      | Got the Catalogue of Dusty Dislocation
  2843 | D:3      | Found Haepp's Antique Weapon Boutique.
  2875 | D:3      | Noticed Ijyb
  3178 | D:3      | Found Pisa's Book Boutique.
  3185 | D:3      | HP: 1/26 [Ijyb/iceblast (14)]
  3187 | D:3      | Slain by Ijyb

Illustrated notes

Levels and vault maps discovered:
D:1:      kilobyte_arrival_exit_the_forest, layout_loops_ring,
          ebering_ecumenical_altar_box
D:2:      layout_basic, basic_altar
D:3:      layout_basic, serial_shops, nicolae_square_shop, shop,
          minmay_goblin_kobold_house, uniq_robin, uniq_ijyb

Skill      XL: |  1 |
---------------+----+-----
Stealth        | 2 |  2.5
Dodging        | 2 |  2.4
Spellcasting   | |  2.5
Conjurations   | |  4.4

Action                   || total
-------------------------++-------
Melee: Staff             ||    40
       Tailslap          ||     4
 Cast: Magic Dart        ||    96
       Searing Ray       ||     2
  Use: Scroll            ||     1
Armor: Skin              ||    21
Dodge: Dodged            ||    36
